 Dungeon Crawl Stone Soup version 0.28.0 (webtiles) character file.

Game seed: 1997298816565110324

4 croobank the Firebug (level 1, 0/11 HPs)
             Began as a Vine Stalker Cinder Acolyte on Feb 4, 2022.
             Was a High Priest of Ignis.
             Slain by a kobold (3 damage)
             ... on level 1 of the Dungeon.
             The game lasted 00:00:33 (143 turns).

croobank the Firebug (Vine Stalker Cinder Acolyte)   Turns: 143, Time: 00:00:34

Health: 0/11       AC:  2    Str: 16    XL:     1   Next: 60%
Magic:  0/3        EV: 11    Int: 14    God:    Ignis [*****.]
Gold:   22         SH:  0    Dex:  9    Spells: 2/2 levels left

rFire   + . .      SeeInvis .   a - -1 hand axe (flame)
rCold   . . .      Faith    .   (no shield)
rNeg    . . .      Spirit   +   e - +0 robe
rPois   .          Reflect  .   (no helmet)
rElec   .          Harm     .   (no cloak)
rCorr   .          Rampage  .   (no gloves)
Will    .....                   (no boots)
Stlth   +.........              (no amulet)
HPRegen 0.03/turn               (no ring)
MPRegen 0.08/turn               (no ring)

@: no status effects
A: fangs 2, magic shield, antimagic bite, no potion heal 2
a: Renounce Religion, Fiery Armour, Foxfire Swarm, Rising Flame


You were on level 1 of the Dungeon.
You worshipped Ignis.
Ignis was extremely pleased with you.
You visited 1 branch of the dungeon, and saw 1 of its levels.

You collected 22 gold pieces.

Inventory:

Hand Weapons
 a - a -1 hand axe of flaming (weapon)
 b - a +0 hunting sling
Missiles
 c - 15 sling bullets
 d - 2 poisoned darts (quivered)
Armour
 e - a +0 robe (worn)


   Skills:
 + Level 2.6 Fighting
 + Level 2.7 Axes
 + Level 1.1 Spellcasting
 + Level 3.2 Fire Magic


You had 2 spell levels left.
You didn't know any spells.
Your spell library contained the following spells:

 Spells                   Type           Power      Damage    Failure   Level
 Scorch                   Fire           18%        2d6       11%         2
 Blink                    Tloc           0%         N/A       36%         2
 Lesser Beckoning         Tloc           0%         N/A       61%         3
 Manifold Assault         Tloc           0%         N/A       100%        5


Dungeon Overview and Level Annotations

Branches:
Dungeon (1/15)

Altars:


Innate Abilities, Weirdness & Mutations

You have extremely sharp teeth.
When hurt, damage is shared between your health and your magic reserves.
Your bite disrupts and absorbs the magic of your enemies.
Potions cannot restore your health.


Message History

You hit the goblin. You burn the goblin.
You kill the goblin!
The frilled lizard bites you.
You slash the frilled lizard! You burn the frilled lizard.
You kill the frilled lizard!
You see here a frilled lizard corpse.
You now have 15 gold pieces.
Things that are here:
a +0 club; a goblin corpse You now have 22 gold pieces (gained 7).
You see here 15 sling bullets.
There are no items here.
You see here 15 sling bullets.
c - 15 sling bullets HP restored.
Found 2 poisoned darts.
A goblin comes into view. It is wielding a +0 club.
Found a hunting sling.
The goblin shouts!
You see here 2 poisoned darts.
d - 2 poisoned darts The goblin barely misses you.
You hit the goblin. You burn the goblin.
You kill the goblin!
Things that are here:
a +0 club; a goblin corpse You see here a +0 hunting sling.
e - a +0 hunting sling Adjust to which letter? (? for menu, Esc to quit)
b - a +0 hunting sling;
e - a +0 robe (worn)
A kobold comes into view. It is wielding a +0 whip.
The kobold shouts!
The kobold throws a stone.
The stone hits you but does no damage.
Found an escape hatch in the floor.
The kobold hits you with a +0 whip.
You closely miss the kobold. You bite the kobold, but do no damage.
The kobold hits you with a +0 whip. x2
* * * LOW HITPOINT WARNING * * *
You closely miss the kobold. The kobold hits you with a +0 whip.
You die...

##########.#..#...#.#
.$...................
#####...##.#.##.#...#
#...##.#.##.....#
#...##.#.##.#....
##...##.#.........
#?......####..##.#
#.K........#......
#@###.............
#.# #.....####....
#.# #..........)..
..# #......####...
..# #......# #...
...# #......# ####
..>. #......######
###.# #...†)......#
#.....#####.#


You could see a kobold.

Vanquished Creatures
  2 goblins (D:1)
  2 frilled lizards (D:1)
4 creatures vanquished.

Notes
Turn   | Place    | Note
-------+----------+-------------------------------------------
     0 | D:1      | croobank the Vine Stalker Cinder Acolyte began the quest
                  | for the Orb.
     0 | D:1      | Reached XP level 1. HP: 11/11 MP: 3/3
   143 | D:1      | Slain by a kobold

Illustrated notes

Levels and vault maps discovered:
D:1:      onia_arrival_mini_maze_b, layout_basic

Action                   || total
-------------------------++-------
Melee: Hand axe          ||     8
       Bite              ||     1
Armor: Robe              ||     2
Dodge: Dodged            ||     2
